Cogmind - Beta 10.2 @@@ ROGUE MODE // 2021.10.29 @ 20:08:53 Player: Burgers_Lettuce Result: Destroyed by Y-54 Guardian with Flak Gun Performance ------------- Evolutions (1) 500 Regions Visited (6) 1200 Robots Destroyed (13) 65 Value Destroyed (337) 337 Prototype IDs (0) 0 Alien Tech Used (0) 0 Bonus (1022) 1022 TOTAL SCORE: 3124 Bonus ------- Follower Combat Kills 614 Met Imprinter 300 Was Imprinted 300 Friendly Fire -192 Cogmind --------- Core Integrity 0/400 Matter 282/300 Energy 100/100 System Corruption 0% Temperature Cool (18) Movement Core (50) Location -6/Proximity Caves Parts ------- > --- POWER (1) -------- (None) > --- PROPULSION (2) --- (None) > --- UTILITY (3) ------ Makeshift Terrain Scan Processor > --- WEAPON (3) ------- (None) > --- INVENTORY (4) ---- Ion Engine Small Storage Unit Peak State ------------ > --- POWER ------------ Ion Engine > --- PROPULSION ------- Aluminum Leg Carbon-fiber Leg > --- UTILITY ---------- Small Storage Unit Makeshift Terrain Scanner Makeshift Terrain Scan Processor > --- WEAPON ----------- Heavy Beamcaster Shotgun Enhanced Flamer > --- INVENTORY -------- Ion Engine Ion Engine Light Ion Engine Light Treads Compact Wheel Mining Laser [Rating: 25] Favorites ----------- Power Ion Engine Engine Ion Engine Propulsion Aluminum Leg Treads Light Treads Leg Aluminum Leg Wheel Wheel Utility Small Storage Unit Device Makeshift Terrain Scanner Storage Small Storage Unit Processor Makeshift Terrain Scan Processor Weapon Shotgun Energy Gun Particle Gun Ballistic Gun Shotgun Special Weapon Enhanced Flamer Build | -11 -10 -10 -9 -9 -7 -6 ------- Run | Scr Mat Min Mat Min Zio Pro Slots Evolved 2 | . . . 2 . . . Power . | . . . . . . . Propulsion . | . . . . . . . Utility 1 | . . . 1 . . . Weapon 1 | . . . 1 . . . Parts Attached 29 | 8 2 6 1 . 6 6 Power 4 | 1 . 1 . . . 2 Engine 4 | 1 . 1 . . . 2 Core . | . . . . . . . Reactor . | . . . . . . . Propulsion 8 | 3 . 3 . . . 2 Treads 1 | 1 . . . . . . Leg 5 | . . 3 . . . 2 Wheel 2 | 2 . . . . . . Hover . | . . . . . . . Flight . | . . . . . . . Utility 5 | 1 1 . . . 3 . Device 3 | . 1 . . . 2 . Storage 1 | 1 . . . . . . Processor 1 | . . . . . 1 . Hackware . | . . . . . . . Protection . | . . . . . . . Artifact . | . . . . . . . Weapon 12 | 3 1 2 1 . 3 2 Energy Gun 7 | 2 . 2 . . 2 1 Energy Cannon . | . . . . . . . Ballistic Gun 2 | 1 . . 1 . . . Ballistic Cannon . | . . . . . . . Launcher . | . . . . . . . Special Weapon 3 | . 1 . . . 1 1 Impact Weapon . | . . . . . . . Slashing Weapon . | . . . . . . . Piercing Weapon . | . . . . . . . Special Melee Weapon . | . . . . . . . Unidentified Prototypes . | . . . . . . . Parts Lost 13 | . . 2 1 . . 10 Power 2 | . . . . . . 2 Propulsion 3 | . . 1 . . . 2 Utility 2 | . . . 1 . . 1 Weapon 6 | . . 1 . . . 5 Highest Loss Streak 10 | . . 2 1 . . 10 Average Slot Usage (%) 92 | . 91 99 74 77 92 90 Engine 11 | . 14 14 11 11 11 10 Treads 1 | . 14 3 . . . . Leg 20 | . . 22 22 22 22 19 Wheel 1 | . 14 2 . . . . Device 9 | . 5 14 6 . 7 9 Storage 11 | . 14 14 11 11 11 10 Processor 5 | . . . . . 7 11 Energy Gun 10 | . 12 11 11 11 11 10 Ballistic Gun 15 | . 14 14 12 22 17 10 Special Weapon 4 | . 1 2 . . 4 9 Naked Turns . | . . . . . . . Heaviest Build 23 | 13 14 15 17 17 23 20 Greatest Support 26 | 26 10 20 20 20 20 25 Greatest Overweight (x) 2 | 1 1 1 . . 1 2 Average Overweight (x) . | . 1 . . . . . Largest Inventory Capacity 6 | 6 6 6 6 6 6 6 Average Capacity 5 | 5 6 6 6 6 6 5 Most Carried 6 | 4 6 6 6 6 6 6 Average Carried 5 | 2 4 5 6 6 6 4 Final Capacity 6 | 6 6 6 6 6 6 4 Final Carried 6 | 4 6 6 6 6 6 2 Class Distribution -------------------- 34% | Derelict-Skirmisher 25% | Mutant 18% | Scavenger-Gunner 12% | Scavenger-Skirmisher 9% | Scavenger-Mutant Dominant Class ---------------- Mutant | -10/Materials Mutant | -10/Mines Scavenger-Mutant | -9/Materials Scavenger-Gunner | -9/Mines Derelict-Skirmisher | -7/Zion Derelict-Skirmisher | -6/Proximity Caves Resources | -11 -10 -10 -9 -9 -7 -6 ----------- Run | Scr Mat Min Mat Min Zio Pro Matter Collected 571 | 174 57 197 16 10 40 77 Remotely . | . . . . . . . Salvage Created 446 | . 57 257 10 . . 122 Parts 19 | . 5 11 1 . . 2 Haulers Intercepted . | . . . . . . . Recyclers Shooed . | . . . . . . . Parts Field Recycled . | . . . . . . . Retrieved Matter . | . . . . . . . Parts Self-Destructed 29 | . . . . . . 29 Prevented 1 | . . . . . . 1 Kills | -11 -10 -10 -9 -9 -7 -6 ------- Run | Scr Mat Min Mat Min Zio Pro Combat Hostiles Destroyed 12 | . 3 6 1 . . 2 Guns 12 | . 3 6 1 . . 2 Classes Destroyed 3 | . 1 1 . . . 1 Swarmer 6 | . 3 . 1 . . 2 Grunt 6 | . . 6 . . . . Mutant 1 | . . . . . . 1 Best Kill Streak 3 | . 3 2 1 . . 2 Combat Bots Only 3 | . 3 2 1 . . 2 Max Kills in Single Turn 1 | . 1 1 1 . . 1 Gunslinging . | . . . . . . . Exploded . | . . . . . . . Melee . | . . . . . . . Uniques/NPCs Destroyed . | . . . . . . . Combat | -11 -10 -10 -9 -9 -7 -6 -------- Run | Scr Mat Min Mat Min Zio Pro Damage Taken 1536 | 8 100 298 60 . . 1070 Core 427 | . 15 11 . . . 401 Absorbed by Shields . | . . . . . . . Core Remaining (%) 94 | 100 . 89 . . . . Volleys Fired 52 | . 8 22 4 . . 18 Largest 3 | . 2 2 2 . . 3 Hottest 184 | . 60 120 85 . . 184 Shots Fired 103 | . 16 43 8 . . 36 Gun 93 | . 16 38 8 . . 31 Cannon . | . . . . . . . Launcher . | . . . . . . . Special 10 | . . 5 . . . 5 Kinetic 50 | . 8 22 4 . . 16 Thermal 24 | . . 5 4 . . 15 Explosive . | . . . . . . . Electromagnetic 29 | . 8 16 . . . 5 Robot Hit Streak 5 | . 2 5 3 . . 4 Robot Miss Streak 5 | . 2 2 1 . . 5 Penetration Max . | . . . . . . . Secondary Targets 2 | . . . . . . 2 Max Gunslinging Chain 1 | . . . . . . 1 Shots Hit Robots 61 | . 8 27 5 . . 21 Core Hits 23 | . 3 12 1 . . 7 Critical Hits . | . . . . . . . Critical Kills . | . . . . . . . Critical Parts Destroyed . | . . . . . . . Melee Attacks . | . . . . . . . Impact . | . . . . . . . Slashing . | . . . . . . . Piercing . | . . . . . . . Sneak Attacks . | . . . . . . . Combat Hostiles . | . . . . . . . Follow-up Attacks . | . . . . . . . Damage Inflicted 873 | 16 86 383 55 . . 333 Guns 796 | . 86 332 55 . . 323 Cannons . | . . . . . . . Explosions . | . . . . . . . Melee . | . . . . . . . Ramming 19 | 16 . 3 . . . . Kinetic 436 | . 40 207 22 . . 167 Thermal 226 | . . 48 33 . . 145 Explosive . | . . . . . . . Electromagnetic 192 | . 46 125 . . . 21 Impact . | . . . . . . . Slashing . | . . . . . . . Piercing . | . . . . . . . Highest Corruption . | . . . . . . . Average Corruption . | . . . . . . . Corruption Purged . | . . . . . . . Overload Shots . | . . . . . . . Overflow Damage . | . . . . . . . Projectiles . | . . . . . . . Explosions . | . . . . . . . Melee . | . . . . . . . Knockbacks 1 | 1 . . . . . . Impact 1 | 1 . . . . . . Kinetic . | . . . . . . . Secondary . | . . . . . . . Self-Inflicted Damage 9 | 8 . 1 . . . . Shots . | . . . . . . . Rammed 2 | 1 . 1 . . . . Targets Rammed 2 | 1 . 1 . . . . Kicked . | . . . . . . . Crushed . | . . . . . . . Highest Temperature 286 | . . 169 39 . . 286 Average Temperature 82 | . . 62 15 . . 117 Received Heat Transfer 249 | . . 168 18 . . 63 Siege Activations . | . . . . . . . Robots Corrupted . | . . . . . . . Combat Hostiles . | . . . . . . . Parts Fried . | . . . . . . . Impact Corruptions . | . . . . . . . Robots Melted . | . . . . . . . Combat Hostiles . | . . . . . . . Parts Melted 2 | . . 1 . . . 1 Heat Transferred 476 | . . 100 74 . . 302 Parts Sabotaged . | . . . . . . . Parts Stolen . | . . . . . . . Parts Stripped . | . . . . . . . Power Chain Reactions . | . . . . . . . Missiles Intercepted . | . . . . . . . Alert | -11 -10 -10 -9 -9 -7 -6 ------- Run | Scr Mat Min Mat Min Zio Pro Peak Influence 107 | . 70 107 89 90 . . Initial 34 | . . 27 19 34 . . Average 50 | . 42 52 49 69 . . Maximum Alert Level . | . . . . . . . Low Security (%) 100 | 100 100 100 100 100 . . Level 1 . | . . . . . . . Level 2 . | . . . . . . . Level 3 . | . . . . . . . Level 4 . | . . . . . . . Level 5 . | . . . . . . . High Security . | . . . . . . . Max Security . | . . . . . . . Squads Dispatched 3 | . . 1 1 . . 1 Investigation 1 | . . 1 . . . . Extermination . | . . . . . . . Reinforcement 1 | . . . 1 . . . Assault 1 | . . . . . . 1 Garrison . | . . . . . . . Intercept . | . . . . . . . Construction Impeded . | . . . . . . . Haulers Reinforced . | . . . . . . . Stealth | -11 -10 -10 -9 -9 -7 -6 --------- Run | Scr Mat Min Mat Min Zio Pro Distress Signals 1 | . . . 1 . . . Communications Jammed . | . . . . . . . Distress Signals . | . . . . . . . Times Spotted 44 | . 3 6 9 . . 26 Peak Tracking Total 8 | . 3 2 6 . . 8 Tactical Retreats 3 | . . . 1 . . 2 Traps | -11 -10 -10 -9 -9 -7 -6 ------- Run | Scr Mat Min Mat Min Zio Pro Traps Triggered . | . . . . . . . Indirectly . | . . . . . . . Trap Hack Attempts . | . . . . . . . Triggered . | . . . . . . . Disarmed . | . . . . . . . Reprogrammed . | . . . . . . . Reused . | . . . . . . . Traps Extracted . | . . . . . . . Installed . | . . . . . . . Triggered . | . . . . . . . Machines | -11 -10 -10 -9 -9 -7 -6 ---------- Run | Scr Mat Min Mat Min Zio Pro Machines Disabled . | . . . . . . . Max in Single Turn . | . . . . . . . Machines Sabotaged . | . . . . . . . Garrisons Compromised . | . . . . . . . Overloaded Fab Kills . | . . . . . . . Fab Network Shutdowns . | . . . . . . . Hacking | -11 -10 -10 -9 -9 -7 -6 --------- Run | Scr Mat Min Mat Min Zio Pro Machines Accessed 3 | . . 1 2 . . . Terminals 2 | . . . 2 . . . Fabricators . | . . . . . . . Repair Stations . | . . . . . . . Recycling Units . | . . . . . . . Scanalyzers . | . . . . . . . Garrison Access . | . . . . . . . Total Hacks 5 | . . 1 4 . . . Successful 3 | . . 1 2 . . . Failed 2 | . . . 2 . . . Catastrophic . | . . . . . . . Database Lockouts . | . . . . . . . Manual 4 | . . . 2 . 2 . Terminals 4 | . . . 4 . . . Fabricators . | . . . . . . . Repair Stations . | . . . . . . . Recycling Units . | . . . . . . . Scanalyzers . | . . . . . . . Garrison Access . | . . . . . . . Terminal Hacks 2 | . . 1 1 . . . Open Door 1 | . . 1 . . . . Locate Traps 1 | . . . 1 . . . Fabricator Hacks . | . . . . . . . Repair Station Hacks . | . . . . . . . Recycling Unit Hacks . | . . . . . . . Scanalyzer . | . . . . . . . Garrison Access Hacks . | . . . . . . . Unauthorized Hacks 1 | . . . 1 . . . Terminals 1 | . . . 1 . . . Botnet 1 | . . . 1 . . . Fabricators . | . . . . . . . Repair Stations . | . . . . . . . Recycling Units . | . . . . . . . Scanalyzers . | . . . . . . . Garrison Access . | . . . . . . . Data Cores Recovered . | . . . . . . . Used . | . . . . . . . Hacking Detections 1 | . . . 1 . . . Full Trace Events . | . . . . . . . Feedback Events . | . . . . . . . Feedback Blocked . | . . . . . . . Robot Schematics Acquired . | . . . . . . . Robots Built . | . . . . . . . Matter . | . . . . . . . Time . | . . . . . . . Total Robot Build Rating . | . . . . . . . Part Schematics Acquired . | . . . . . . . Parts Built . | . . . . . . . Matter . | . . . . . . . Time . | . . . . . . . Total Part Build Rating . | . . . . . . . Parts Repaired . | . . . . . . . Time . | . . . . . . . Parts Recycled . | . . . . . . . Recycled Matter . | . . . . . . . Retrieved Matter . | . . . . . . . Retrieved Components . | . . . . . . . Parts Scanalyzed . | . . . . . . . Part Schematics Acquired . | . . . . . . . Parts Damaged . | . . . . . . . Bothacking | -11 -10 -10 -9 -9 -7 -6 ------------ Run | Scr Mat Min Mat Min Zio Pro Used RIF Installer . | . . . . . . . Robots Hacked . | . . . . . . . Non-combat . | . . . . . . . Combat . | . . . . . . . Robot Hacks Applied . | . . . . . . . Relay Couplers Released . | . . . . . . . Robots Rewired 2 | . . . . . . 2 Allies Hacked . | . . . . . . . Hacks Repelled . | . . . . . . . Allies | -11 -10 -10 -9 -9 -7 -6 -------- Run | Scr Mat Min Mat Min Zio Pro Total Allies 15 | . . 3 . . 10 2 Largest Group 12 | . . 3 3 2 12 12 Highest-Rated Group 335 | . . 40 40 32 332 335 Highest-Rated Ally 39 | . . 16 16 16 39 39 Total Orders . | . . . . . . . Ally Attacks 146 | . . . 21 7 . 118 Total Damage 2312 | . . . 204 74 . 2034 Kills 22 | . . . 2 2 . 18 Allies Corrupted . | . . . . . . . Allies Melted . | . . . . . . . Intel | -11 -10 -10 -9 -9 -7 -6 ------- Run | Scr Mat Min Mat Min Zio Pro Robot Analysis Total . | . . . . . . . Derelict Logs Recovered 6 | . . 1 . 2 3 . Drone Launches . | . . . . . . . Drone Recoveries . | . . . . . . . Exploration | -11 -10 -10 -9 -9 -7 -6 ------------- Run | Scr Mat Min Mat Min Zio Pro Turns Passed 3077 | 53 99 735 129 115 1396 550 Spaces Moved 2251 | 42 73 537 91 94 1039 375 Core 79 | 2 . . . . . 77 Treads 1 | . . 1 . . . . Legs 1945 | . . 423 91 94 1039 298 Wheels 226 | 40 73 113 . . . . Hover . | . . . . . . . Flight . | . . . . . . . Fastest Speed 50 | 50 90 90 120 120 120 50 Average Speed 114 | 88 90 114 120 120 120 107 Slowest Speed 160 | 100 90 160 120 120 150 150 Overloaded Moves . | . . . . . . . Propulsion Burnouts . | . . . . . . . Robots Hopped . | . . . . . . . Cave-ins Triggered . | . . . . . . . Exploration Rate (%) 42 | 4 22 84 18 31 86 52 Regions Visited 6 Branch Regions 4 Pre-discovered Areas 3 | . . . . 1 2 . Known Exits Taken 1 | . . . 1 . . . Unknown Exits Taken 5 | 1 1 1 . 1 1 . Scrap Searched 2 | . . 1 . . 1 . Spaces Dug . | . . . . . . . Terrain Destroyed 3 | . . 3 . . . . Melee . | . . . . . . . Projectile 3 | . . 3 . . . . AOE . | . . . . . . . Terrain Rammed . | . . . . . . . Walls Destroyed . | . . . . . . . Machines Disabled . | . . . . . . . Actions | -11 -10 -10 -9 -9 -7 -6 --------- Run | Scr Mat Min Mat Min Zio Pro Total 2623 | 54 89 606 103 96 1187 488 Wait 255 | . 5 37 6 3 139 65 Move 2246 | 42 72 536 90 93 1038 375 Hop . | . . . . . . . Pick Up 7 | 3 2 . 1 . . 1 Fast Attach 15 | 7 1 2 1 . 4 . Attach 4 | . . 1 . . . 3 Detach 3 | 1 . 1 . . . 1 Swap 10 | 1 1 3 . . 2 3 Drop 13 | . . 3 1 . 4 5 Fire 52 | . 8 22 4 . . 18 Melee . | . . . . . . . Ram . | . . . . . . . Kick 1 | . . 1 . . . . Crush . | . . . . . . . Escape Stasis . | . . . . . . . Rewire 17 | . . . . . . 17 Trap . | . . . . . . . Miscellaneous . | . . . . . . . Route ------- -11/Scrapyard -10/Materials -10/Mines -9/Materials -9/Mines (discovered 2 exits: [*Mat] / *Zio) -7/Zion (discovered 2 exits: Dee / [*Pro]) -6/Proximity Caves History --------- Turn | Location | Event 21 | -11/Scrapyard | Discovered new exit (range 15) 54 | -11/Scrapyard | Entered Materials 135 | -10/Materials | Discovered new exit (range 13) 153 | -10/Materials | Entered Mines 206 | -10/Mines | Received a Rocket Launcher from a helpful Derelict 333 | -10/Mines | Build established: Mutant 586 | -10/Mines | Met a Derelict shopkeep closing up shop 756 | -10/Mines | Discovered new exit (range 8) 835 | -10/Mines | Assisted by bots powering up and referring to "LRC-V3" 888 | -10/Mines | Entered Materials 888 | -9/Materials | Accompanied by 3 allies 888 | -9/Materials | Evolved 2 slots: Utility x1, Weapon x1 889 | -9/Materials | Identified exit to Mines 1017 | -9/Materials | Entered Mines 1017 | -9/Mines | Accompanied by 2 allies 1039 | -9/Mines | Learned Materials emergency access door positions 1094 | -9/Mines | Discovered new exit (range 7) 1125 | -9/Mines | A Derelict revealed a hidden shortcut to a safe place 1132 | -9/Mines | Entered Zion 1132 | -7/Zion | Accompanied by 2 allies 1298 | -7/Zion | Build established: Scavenger-Gunner 1302 | -7/Zion | Learned 12 Factory zone layouts 1333 | -7/Zion | Identified exit to Deep Caves 1366 | -7/Zion | Learned location of Warlord (-5) 1389 | -7/Zion | Gained Derelict followers 1492 | -7/Zion | Gained Derelict followers 1783 | -7/Zion | Learned location of 1 exit from Factory 1855 | -7/Zion | Build established: Scavenger-Skirmisher 2093 | -7/Zion | Imprinted 2095 | -7/Zion | Declared Zion's savior 2235 | -7/Zion | Build established: Derelict-Skirmisher 2392 | -7/Zion | Discovered new exit (range 10) 2431 | -7/Zion | Received a hallucinogenic algorithm 2528 | -7/Zion | Entered Proximity Caves 2528 | -6/Proximity Caves | Accompanied by 12 allies 2584 | -6/Proximity Caves | Attracted the attention of an 0b10 outpost 2886 | -6/Proximity Caves | Spotted B-75 Beast 3040 | -6/Proximity Caves | Core integrity fell below 50% 3065 | -6/Proximity Caves | Lost 10 parts (2p2n1u5w) 3072 | -6/Proximity Caves | Attracted the attention of an 0b10 checkpoint 3076 | -6/Proximity Caves | Core integrity fell below 20% 3078 | -6/Proximity Caves | Destroyed by Y-54 Guardian with Flak Gun Last Messages --------------- 02960_ 5J-S7M(b) destroyed. 02962_ YT-U8I(g) destroyed. 02971_ H7-R7J(M) destroyed. 02982_ Mak. Terrain Scanner destroyed. 02996_ Enh. Flamer destroyed. 02999_ VTOL Module melted. 02999_ S-27 Virus destroyed. 02999_ Switching to secondary target: S-27 Virus. 03002_ Ion Engine destroyed. 03004_ Carbon-fiber Leg destroyed. 03006_ Hvy. Beamcaster destroyed. 03009_ S-27 Virus destroyed. 03009_ Switching to secondary target: S-27 Virus. 03016_ Acquired 21 matter. 03017_ Riot Gun destroyed. 03024_ Aluminum Leg destroyed. 03026_ Shotgun destroyed. 03030_ Mining Laser destroyed. 03034_ Ion Engine destroyed. 03072_ Y-54 Guardian: "INTERCEPTING UNREGISTERED DERELICT." Map ----- +----------------------------------------------------+ | ####? ?#####?#?????????????????????????????????? | | #### #???#??????????????????????????????????? | | ##?###??????????????????????????????????? | | ##??????#???????????????????????????????? | | ####?#?#???????????????????????????????????? | | #####????#?????????????????????????????????? | | ######???##?????????????????????????????????? | | ###?#??#????????#???#????????????????????????? | | # ##?#?####?#???#???#???????????????????????????? | | ####????##?#?##??#??#????????????????????????????? | | # ####??##??#?##?????????????????????????????????? | | ##???##?#?????????????????????????????????????? | | ###???????#??????????????????????????????????? | | ###???????#????#?????#???????????????????????? | | #?#?#??##???##??#??#?????????????????????????? | | ###########?#????????????????????????????????? | | ##?????????????????????????????????? | | #???###????????????????????????????? | | ######## %#?#?# ???? ????????????????????????? | | ###??#?# #??## ????????????????????????????? | | # ##?#?## #???# ????????????????????????????? | | # #??#?# #???# ##??????????????????????????? | | # ## ##??# #??## ??????????????????????????? | | # #?# #??# #### ??????????????????????????? | | ##?####?# #?# #####?????????????????????? | | # #??#??? ### @ #?????????????????????? | | # ##????# ## ##?????????????????????? | | ##??## #??????????????????????? | | # #####?# #??????????????????????? | | ## ####### #??????????????????????? | | ## #???## #??????????????????????? | | # #????# #??????????????????????? | | # ###??## Y #??????????????????????? | | # ###?????# #??????????????????????? | | # # ##????#### #??????????????????????? | | # ##???## #??????????????????????? | | # ##??# s#####??????????????????????? | | ## # ##?# s ##???????????????????????? | | ?### # ### ##??????????????????????? | | ???# # #### ###????????????????????? | | ???## #?## #????????????????????? | | ???# # #??# ## #????????????????????? | | ??# # # ##??# ## #####????????????????????? | | ??# # ###???# ### ##????????????????????????? | | ?## # #????## #?# #?????????????????????????? | | ## # #??### #?# #?????????????????????????? | | # #### #### ##????????????????????????? | | #????????????????????????? | | ## #????????????????????????? | | ??## ######### #???????????????????????? | +----------------------------------------------------+ Best States ------------- Heat Dissipation 28 Energy Generation 10 Energy Capacity 250 Matter Stores 300 Matter Capacity 300 Sight Range 16 Terrain Scan Range 18 Terrain Scan Density 135 Evasion (%) 50 Recoil Reduction 1 Item Schematics ----------------- None Robot Schematics ------------------ None Fabricated ------------ Nothing Alien Tech Used ----------------- None Achievements -------------- None Challenges ------------ None Game ------ Seed GaussSiegeReconfigurator Manual? 0 Play Time 00:32:40 Cumulative 54.1 hours Start 2021.10.29 @ 18:40:59 End 2021.10.29 @ 20:08:53 Sessions 1 Manual Loads 0 Difficulty Rogue Special Mode None Game No. 64 Rogue 64 Adventurer 0 Explorer 0 Win Type - Total 0 Types 0/0/0/0/0/0/0/0/0 Lore% 42 Gallery% 45 Achievement% 31 Wizard Run 0 Options --------- ASCII 0 Keyboard 1 Movement Numpad Keybinds 0 Fullscreen 2 Font 36/X11 Map View 76x50 Tactical HUD 1 Map Filters NONE Filters NONE Steam 1 RUN: 9f573f21-defd-4b92-8e6c-a9e0c0c66493